 Dungeon Crawl Stone Soup version 0.28.0-47-ge53b351184 (webtiles) character file.

Game seed: 11362783563699308462

40417 Cak3Hol3 the Thaumaturge (level 13, -24/91 HPs)
             Began as a Demigod Ice Elementalist on May 5, 2022.
             Annihilated by a komodo dragon (29 damage)
             ... on level 4 of the Lair of Beasts on May 9, 2022.
             The game lasted 04:42:19 (30829 turns).

Cak3Hol3 the Thaumaturge (DgIE)                    Turns: 30829, Time: 04:42:21

Health: -24/91     AC:  7    Str:  9    XL:     13   Next: 39%
Magic:  34/44      EV: 18    Int: 32    God:
Gold:   1096       SH:  0    Dex: 22    Spells: 13/38 levels left

rFire   . . .      SeeInvis .   Q - +8 mace "Eviscerator" {pain, *Corrode Fly Int+3 Dex+4}
rCold   . . .      Faith    .   (no shield)
rNeg    + . .      Spirit   .   b - +0 troll leather armour
rPois   .          Reflect  .   x - +2 hat {Stlth+}
rElec   .          Harm     .   Y - +0 cloak
rCorr   .          Rampage  .   (no gloves)
Will    +....                   (no boots)
Stlth   ++++++....              (no amulet)
HPRegen 1.05/turn               C - ring of positive energy
MPRegen 0.29/turn               F - ring of magical power

@: lethally poisoned (-24 -> -61), marked, freezing walls, flying, very slightly
contaminated, slowed, very slow
A: high MP 1, forlorn, divine attributes
a: no special abilities


You were on level 4 of the Lair of Beasts.
You visited 3 branches of the dungeon, and saw 16 of its levels.
You also visited: Bailey.

You collected 1096 gold pieces.

Inventory:

Hand Weapons
 g - the +7 flail of Eternal Harmony {flame, Will+}
   (You took it off a gnoll shaman on level 5 of the Dungeon)

   It burns those it strikes, dealing additional fire damage.
   Will:      It increases your willpower.
 r - a +3 dagger of electrocution
 B - a +0 spectral quarterstaff
 N - the +11 scimitar "Yzxonaa" {antimagic, +Blink rPois Int+3 Dex-2}
   (You found it in a bailey)

   It reduces the magical energy of the wielder, and disrupts the spells and
   magical abilities of those it strikes.
   Natural abilities and divine invocations are not affected.
   Int:       It affects your intelligence (+3).
   Dex:       It affects your dexterity (-2).
   rPois:     It protects you from poison.
   +Blink:    It lets you blink.
 P - a +4 flail of protection
 Q - the +8 mace "Eviscerator" (weapon) {pain, *Corrode Fly Int+3 Dex+4}
   (You found it on level 1 of the Lair of Beasts)

   In the hands of one skilled in necromantic magic, it inflicts extra damage on
   living creatures.
   Int:       It affects your intelligence (+3).
   Dex:       It affects your dexterity (+4).
   Fly:       It grants you flight.
   *Corrode:  It may corrode you when you take damage.
 V - a +0 dagger of protection
Armour
 b - a +0 troll leather armour (worn)
 q - a +2 helmet of see invisible
 x - a +2 hat of stealth (worn)
 Y - a +0 cloak (worn)
Magical Staves
 n - a staff of fire
 y - a staff of conjuration
Jewellery
 a - the ring "Cytsyllu" {rPois Will+ Int+3}
   (You found it on level 10 of the Dungeon)

   [ring of willpower]

   Int:       It affects your intelligence (+3).
   rPois:     It protects you from poison.
   Will:      It increases your willpower.
 f - a ring of protection from fire
 C - a ring of positive energy (left hand)
 F - a ring of magical power (right hand)
 I - a ring of see invisible
 K - a ring of resist corrosion
 S - a ring of flight
Wands
 e - a wand of iceblast (7)
 p - a wand of polymorph (10)
 s - a wand of flame (37)
 W - a wand of acid (9)
 Z - a wand of mindburst (8)
Scrolls
 d - 6 scrolls of enchant armour
 k - 2 scrolls of enchant weapon {unknown}
 m - 5 scrolls of torment
 u - 5 scrolls of teleportation
 v - 2 scrolls of vulnerability {unknown}
 z - a scroll of fear
 D - 2 scrolls of noise
 E - a scroll of immolation {unknown}
 G - 3 scrolls of magic mapping
 H - a scroll of amnesia {unknown}
 J - a scroll of identify
 L - a scroll of summoning {unknown}
 M - a scroll of blinking
 O - 4 scrolls of fog
 X - a scroll of acquirement {unknown}
Potions
 c - a potion of invisibility {unknown}
 h - 3 potions of attraction
 i - a potion of haste
 j - 2 potions of might
 l - 4 potions of flight
 o - a potion of heal wounds
 t - 4 potions of mutation
 w - 2 potions of cancellation {unknown}
 A - 4 potions of brilliance
 R - a potion of berserk rage
 T - 2 potions of lignification


   Skills:
 - Level 2.1 Fighting
 + Level 9.2 Dodging
 + Level 9.9 Stealth
 + Level 13.3 Spellcasting
 * Level 5.8 Summonings
 * Level 12.5 Ice Magic
 - Level 4.3 Poison Magic
 - Level 2.0 Evocations


You had 13 spell levels left.
You knew the following spells:

 Your Spells              Type           Power      Damage    Failure   Level
a - Freeze                Ice            100%       1d11      1%          1
b - Frozen Ramparts       Ice            100%       1d12      1%          3
c - Ozocubu's Armour      Ice            80%        N/A       1%          3
d - Hailstorm             Conj/Ice       57%        3d12      2%          4
e - Ozocubu's Refrigerat  Ice            40%        4d13      16%         7
f - Poisonous Vapours     Pois/Air       70%        N/A       1%          2
g - Summon Mana Viper     Hex/Summ       40%        N/A       26%         5

Your spell library contained the following spells:

 Spells                   Type           Power      Damage    Failure   Level
 Corpse Rot               Necr/Air       42%        N/A       4%          2
 Olgreb's Toxic Radiance  Pois           49%        N/A       4%          4
 Animate Armour           Summ/Erth      80%        N/A       9%          4
 Stone Arrow              Conj/Erth      42%        3d9       10%         3
 Summon Forest            Summ/Tloc      20%        N/A       26%         5
 Animate Dead             Necr           10%        N/A       30%         4
 Summon Cactus Giant      Summ           28%        N/A       38%         6
 Borgnjor's Vile Clutch   Necr/Erth      10%        N/A       65%         5
 Death Channel            Necr           10%        N/A       99%         6
 Borgnjor's Revivificati  Necr           10%        N/A       100%        8
 Ignition                 Fire           10%        3d5       100%        8
 Lehudib's Crystal Spear  Conj/Erth      10%        10d4      100%        8
 Necromutation            Tmut/Necr      10%        N/A       100%        8
 Death's Door             Necr           10%        N/A       100%        9


Dungeon Overview and Level Annotations

Branches:
Dungeon (10/15)            Temple (0/1) D:4            Lair (4/6) D:9
 Spider (0/4) Lair:4          Orc (2/2) D:10         Bailey (visited)
  Swamp: Lair:2-4    Shoals: Lair:2-4       Elf: Orc:2

Shops:
D:8 :

Annotations:
D:9 3 runed translucent doors, Name63's ghost, novice FeTm


Innate Abilities, Weirdness & Mutations

You have an increased reservoir of magic. (+10% MP)
You shall have no god before yourself.
Your divine heritage dramatically boosts your attributes as you level up.


Message History

The komodo dragon misses you.
A redback comes into view.
The bullfrog sets off the alarm!
The alarm trap emits a blaring wail!
A sentinel's mark forms upon you. The komodo dragon bites you!!
* * * LOW HITPOINT WARNING * * *
The yak closely misses you.
You hear a bellow! x5; You hear an angry hiss. x3; You hear a loud, deep croak!
You hear a bellow! x3
You hear an angry hiss. x2
The yak misses you.
You feel much better.
You are no longer corroded.
The bullfrog hits you. The komodo dragon bites you. The yak misses you.
The bullfrog misses you. The yak barely misses you. The yak gores you.
* * * LOW HITPOINT WARNING * * *
Unknown command.
The bullfrog misses you. The komodo dragon bites you.
* * * LOW HITPOINT WARNING * * *
The yak gores you.
* * * LOW HITPOINT WARNING * * *
The bullfrog hits you.
* * * LOW HITPOINT WARNING * * *
The bullfrog misses you.
The komodo dragon completely misses you.
The komodo dragon misses you. The bullfrog barely misses you.
The yak gores you but does no damage.
Casting: Frozen Ramparts (safe; 1% risk of failure)
Press: ? - help, Q - select action, (/) - cycle Dir - look around, f - activate A rock wall.
The walls around you are covered in ice.
The wall freezes the redback.
The redback barely misses you.
The wall freezes the bullfrog.
The wall freezes the yak.
The yak misses you.
The wall freezes the blink frog.
The blink frog seems to slow down.
The wall freezes the yak.
The wall freezes the redback.
The redback bites you!
* * * LOW HITPOINT WARNING * * *
You are lethally poisoned!
The redback poisons you! The komodo dragon bites you!!
You die...

#.§§.........######
#§§§§....>...?....#
#§§§.§............#
#§.§..............#
..§§..§§...........<##
..Y§§...........Y..Y..#
..F.........YwlYY#.......
)....$........lYY###.....
..............F@## !>Y.
.........)#...#sF# Y..
....##..##### .Y .≈≈≈...
. .≈≈.≈.# .≈.≈≈. ..≈≈≈.
>....F


You could see a torpor snail, 2 komodo dragons, 6 yaks, a blink frog (slow), a
redback and a bullfrog.

Vanquished Creatures
  2 orc warlords
  2 hydras (Lair:3)
  3 two-headed ogres
  Nergalle (Lair:2)
  An orc knight (Bailey)
  A necromancer (D:10)
  Pikel (D:6)
  2 spectral boulder beetles (D:10)
  A black mamba (Lair:1)
  2 spectral centaurs (D:10)
  6 cane toads
  4 komodo dragons
  Maggie (Lair:2)
  A troll (D:10)
  A polar bear (Lair:3)
  Prince Ribbit (Lair:2)
  11 blink frogs
  A centaur simulacrum (D:10)
  11 flying skulls (D:10)
  A spriggan (D:9)
  A vampire (D:10)
  3 shadows (D:10)
  5 wraiths (D:10)
  Eustachio (D:6)
  10 yaks
  6 basilisks
  2 wyverns (Lair:3)
  3 steam dragons
  A vampire mosquito (D:10)
  Menkaure (D:5)
  8 wargs
  Edmund (D:6)
  A hell hound (D:10)
  10 water moccasins
  Duvessa (D:5)
  13 orc warriors
  5 ogres
  4 black bears
  23 wolves
  2 black mamba simulacra (D:10)
  3 centaurs
  A lemure (D:6)
  A phantom (D:5)
  Blork the orc (D:5)
  8 bullfrogs
  4 scorpions
  A wyvern zombie (D:5)
  A water moccasin zombie (D:7)
  Dowan (D:5)
  10 killer bees
  10 wights
  5 howler monkeys
  12 centaur zombies
  A jelly (D:8)
  3 hounds
  3 centaur skeletons
  A gnoll shaman (D:5)
  12 orc priests
  3 bullfrog skeletons
  An iron imp (D:5)
  5 iguanas
  2 hell rats (D:10)
  21 orc wizards
  2 yak simulacra (D:10)
  3 polar bear simulacra (D:10)
  4 wolf simulacra (D:10)
  A hound skeleton (D:4)
  Robin (D:2)
  6 adders
  3 gnolls (Bailey)
  2 howler monkey skeletons
  A white imp (D:4)
  5 ufetubi
  An adder skeleton (D:4)
  4 worms
  3 dart slugs
  62 orcs
  An endoplasm (D:4)
  7 giant cockroaches
  25 goblins
  13 hobgoblins
  A jackal (D:5)
  5 quokkas
  4 ball pythons
  5 bats
  3 frilled lizards
  A goblin skeleton (D:5)
  2 goblin zombies (D:4)
  2 hobgoblin zombies (D:5)
  18 kobolds
  2 kobold skeletons (D:5)
  A kobold zombie (D:5)
  An orc skeleton (D:5)
  6 rats
  2 river rat simulacra (D:10)
462 creatures vanquished.

Vanquished Creatures (collateral kills)
  A cane toad (Lair:2)
1 creature vanquished.

Vanquished Creatures (others)
  34 fungi
  51 plants
85 creatures vanquished.

Grand Total: 548 creatures vanquished

Notes
Turn   | Place    | Note
-------+----------+-------------------------------------------
     0 | D:1      | Cak3Hol3 the Demigod Ice Elementalist began the quest for
                  | the Orb.
     0 | D:1      | Reached XP level 1. HP: 14/14 MP: 5/5
   169 | D:1      | Reached skill level 2 in Spellcasting
   512 | D:1      | Reached XP level 2. HP: 16/20 MP: 2/7
  1440 | D:2      | Reached XP level 3. HP: 22/26 MP: 6/9
  1444 | D:2      | Learned a level 3 spell: Frozen Ramparts
  1490 | D:2      | Noticed Robin
  2099 | D:2      | Killed Robin
  3023 | D:2      | You fall into a shaft and drop 2 floors!
  3031 | D:4      | Reached XP level 4. HP: 27/33 MP: 3/10
  3090 | D:4      | Learned a level 3 spell: Ozocubu's Armour
  4972 | D:2      | Reached skill level 3 in Spellcasting
  5203 | D:3      | Reached XP level 5. HP: 27/38 MP: 9/12
  5948 | D:4      | Found a staircase to the Ecumenical Temple.
  6590 | D:4      | Noticed a centaur
  6590 | D:4      | Noticed a centaur
  7601 | D:4      | Reached skill level 5 in Ice Magic
  7607 | D:4      | Reached XP level 6. HP: 39/45 MP: 11/14
  8070 | D:4      | Reached skill level 4 in Spellcasting
  8079 | D:4      | Reached XP level 7. HP: 5/50 MP: 6/16
  8443 | D:4      | Learned a level 4 spell: Hailstorm
  8860 | D:5      | Entered Level 5 of the Dungeon
  8860 | D:5      | Noticed Blork the orc
  8867 | D:5      | Killed Blork the orc
  9448 | D:5      | Reached skill level 5 in Spellcasting
  9628 | D:5      | Noticed Duvessa
  9641 | D:5      | Noticed Dowan
  9986 | D:5      | Killed Duvessa
 10020 | D:5      | Killed Dowan
 10081 | D:5      | Reached XP level 8. HP: 57/57 MP: 18/20
 10279 | D:5      | Reached skill level 6 in Spellcasting
 10374 | D:6      | Noticed Pikel
 10961 | D:5      | Noticed Menkaure
 11092 | D:5      | Identified the +7 flail of Eternal Harmony {flame, Will+}
 11144 | D:5      | Reached skill level 5 in Stealth
 11144 | D:5      | Reached skill level 7 in Spellcasting
 11262 | D:5      | Killed Menkaure
 11866 | D:6      | Noticed Eustachio
 11872 | D:6      | Killed Eustachio
 11919 | D:6      | Reached skill level 5 in Dodging
 11919 | D:6      | Reached skill level 8 in Spellcasting
 11963 | D:6      | Reached XP level 9. HP: 54/62 MP: 21/25
 12376 | D:6      | Noticed Edmund
 12386 | D:6      | Killed Edmund
 12525 | D:6      | Killed Pikel
 13528 | D:7      | Reached skill level 9 in Spellcasting
 14453 | D:7      | HP: 2/60 [steam dragon (6)]
 16982 | D:8      | Found Enuyfud's Self-Improvement Boutique.
 17538 | D:9      | Reached skill level 10 in Spellcasting
 17541 | D:9      | Reached XP level 10. HP: 60/69 MP: 28/28
 17688 | D:9      | Found a staircase to the Lair.
 17701 | Lair:1   | Entered Level 1 of the Lair of Beasts
 17869 | D:9      | Learned a level 7 spell: Ozocubu's Refrigeration
 18050 | D:9      | Noticed a two-headed ogre
 18059 | D:9      | Killed a two-headed ogre
 18474 | D:9      | Found a runed translucent gate.
 18474 | D:9      | Found a runed translucent gate.
 18552 | D:9      | Noticed a centaur warrior
 18730 | D:9      | Noticed Name63's ghost (novice FeTm)
 18739 | D:9      | Found a runed translucent gate.
 19234 | D:10     | Entered Level 10 of the Dungeon
 19277 | D:10     | Found a staircase to the Orcish Mines.
 19280 | D:10     | Noticed a two-headed ogre
 19713 | D:10     | Found a flagged portal.
 19722 | Bailey   | Entered a bailey
 19739 | Bailey   | Noticed an orc warlord
 19818 | Bailey   | Noticed an orc knight
 19830 | Bailey   | Learned a level 2 spell: Poisonous Vapours
 19857 | Bailey   | Killed an orc knight
 19858 | Bailey   | Reached skill level 11 in Spellcasting
 20020 | Bailey   | Found a runed translucent gate.
 20039 | Bailey   | Reached skill level 1 in Poison Magic
 20073 | Bailey   | Found a runed translucent gate.
 20073 | Bailey   | Found a runed translucent gate.
 20268 | Bailey   | Reached skill level 10 in Ice Magic
 20268 | Bailey   | Reached XP level 11. HP: 74/74 MP: 31/31
 20269 | Bailey   | Identified the +11 scimitar "Yzxonaa" {antimagic, +Blink
                  | rPois Int+3 Dex-2}
 20369 | Bailey   | Killed an orc warlord
 20370 | Bailey   | Reached skill level 12 in Spellcasting
 20551 | D:10     | Noticed a necromancer
 20558 | D:10     | Killed a necromancer
 20559 | D:10     | Reached skill level 1 in Evocations
 21398 | D:10     | Killed a two-headed ogre
 21637 | D:10     | Reached XP level 12. HP: 39/81 MP: 32/33
 22458 | D:10     | Reached skill level 13 in Spellcasting
 22699 | D:10     | Learned a level 5 spell: Summon Mana Viper
 22886 | D:10     | Reached skill level 1 in Summonings
 23168 | D:10     | Reached skill level 1 in Fighting
 23270 | D:10     | Identified the ring "Cytsyllu" {rPois Will+ Int+3}
 23432 | Orc:1    | Entered Level 1 of the Orcish Mines
 23609 | Orc:1    | Noticed an orc warlord
 23727 | D:10     | Killed an orc warlord
 25822 | Orc:2    | Entered Level 2 of the Orcish Mines
 27540 | Lair:1   | Reached XP level 13. HP: 91/91 MP: 35/35
 27568 | Lair:1   | Identified the +8 mace "Eviscerator" {pain, *Corrode Fly
                  | Int+3 Dex+4}
 27953 | Lair:2   | Noticed Prince Ribbit
 28074 | Lair:2   | Noticed Nergalle
 28085 | Lair:2   | Killed Nergalle
 28154 | Lair:2   | Found a gate leading to a gauntlet.
 28307 | Lair:2   | Noticed Maggie
 28769 | Lair:2   | Killed Prince Ribbit
 28998 | Lair:2   | Reached skill level 5 in Summonings
 29000 | Lair:2   | Killed Maggie
 30750 | Lair:4   | Found a hole to the Spider Nest.
 30829 | Lair:4   | Annihilated by a komodo dragon

Illustrated notes

Levels and vault maps discovered:
D:1:      shiori_shiawase, layout_basic, ebering_ecumenical_altar_petrified,
          fountainhead, minmay_tiny_reverse_x
D:2:      layout_loops_ring, minmay_hedge_maze, minmay_domino_2, uniq_robin
D:3:      layout_loops_cross, lemuel_coloured_pillars_altar,
          minmay_fractal_squares_diagonal_5
D:4:      minmay_razor_zed, layout_basic, mainiacjoe_overflow_alcove_2,
          minmay_temple_entry_drinking_statues, portal_sewer_entry_f,
          enter_ossuary_4, serial_bayou_ford_a, minmay_manual_mares
D:5:      minmay_recursive_quarters, layout_loops_corners,
          nicolae_tso_besieged_by_evil, old_standard_altar, minmay_fountain_box,
          uniq_menkaure, uniq_duvessa, uniq_blork_the_orc
D:6:      layout_basic, grunt_qazlal_sundering, fedhas_altar_1, uniq_edmund,
          uniq_eustachio, uniq_pikel
D:7:      layout_basic, grunt_dithmenos_smoke_and_mirrors,
          mainiacjoe_overflow_paths, mainiacjoe_overflow_cross_hatched
D:8:      layout_loops_ring, lemuel_tele_altar, amcnicky_altar_gilded,
          chequers_serial_rivers_micro_b, nicolae_shop_self_help
D:9:      layout_basic, grunt_lair_entry_orc_guard_hut, serial_glass,
          glass_columns_a, glass_columns_c, glass_columns_a, glass_columns_a,
          due_unseen_surprise, unseen_surprise_small, item_on_display_a,
          gammafunk_ghost_split, the_hattery
D:10:     lemuel_vampire_tower, layout_basic, marbit_many_paths,
          kennysheep_mini, minmay_orc_entry_temple_small, enter_bailey_3,
          eino_house_with_fridge
Lair:1:   layout_roguey, serial_rivers, chequers_serial_rivers_micro_d,
          chequers_serial_rivers_room_b, chequers_serial_rivers_large_a,
          chequers_serial_rivers_small_3
Lair:2:   layout_hall_layers, gauntlet_entry_generic, minmay_holes, uniq_maggie,
          uniq_nergalle, uniq_prince_ribbit2
Lair:3:   layout_regular_city, grunt_megastairs_2
Lair:4:   minmay_guarded_unrand_snakebite, layout_cave_shapes,
          minmay_swamp_entry_worms, spider_nest_entry_a
Orc:1:    layout_diamond_mine
Orc:2:    grunt_orc_cross, layout_caves, kennysheep_orc_chapel

Skill      XL: |  1  2  3  4  5  6  7  8  9 10 11 12 13 |
---------------+----------------------------------------+-----
Spellcasting   | 2 3 4 5 8 10 11 12 13 | 13.3
Stealth        | 2 3 4 5 6 8 9 |  9.9
Dodging        | 2 3 4 5 6 7 8 9 |  9.2
Ice Magic      | 4 5 6 8 10 12 | 12.5
Poison Magic   | 3 4 |  4.3
Evocations     | 1 2 |  2.0
Summonings     | 4 5 |  5.8
Fighting       | 2 |  2.1

Action                   |  1- 3 |  4- 6 |  7- 9 | 10-12 | 13-15 || total
-------------------------+-------+-------+-------+-------+-------++-------
Melee: Unarmed           |     2 |       |       |       |       ||     2
       Staff             |    40 |       |       |       |       ||    40
       Short sword       |     1 |       |       |       |       ||     1
       Dagger            |     1 |    96 |   206 |   351 |    17 ||   671
       Punch             |       |       |     2 |     4 |     2 ||     8
       Scimitar          |       |       |       |     3 |       ||     3
       Mace              |       |       |       |       |    35 ||    35
Throw: Throwing net      |       |       |       |     1 |       ||     1
 Cast: Freeze            |    69 |    68 |   124 |   129 |    87 ||   477
       Frozen Ramparts   |     3 |     3 |    38 |    98 |    21 ||   163
       Ozocubu's Armour  |       |     3 |    22 |    52 |    17 ||    94
       Hailstorm         |       |       |     7 |    59 |    11 ||    77
       Poisonous Vapours |       |       |       |    45 |    20 ||    65
       Ozocubu's Refrige |       |       |       |     1 |       ||     1
       Summon Mana Viper |       |       |       |       |     2 ||     2
Evoke: Wand              |       |       |     1 |    24 |       ||    25
  Use: Scroll            |       |     5 |     9 |     8 |     3 ||    25
       Potion            |       |       |     2 |     4 |     2 ||     8
 Stab: Sleeping          |     2 |    14 |    10 |     2 |     1 ||    29
       Distracted        |       |     1 |     1 |       |     1 ||     3
Armor: Robe              |    26 |    43 |   100 |    13 |       ||   182
       Troll leather arm |       |       |       |   303 |    60 ||   363
Dodge: Dodged            |    79 |    83 |   324 |   598 |   190 ||  1274
